 Dungeon Crawl Stone Soup version 0.19-a0-1886-gd64a0f0 (webtiles) character file.

24 Crabhammer the Chiller (level 3, 0/21 HPs)
             Began as an Octopode Ice Elementalist on Oct 16, 2016.
             Slain by a leopard gecko (2 damage)
             ... on level 1 of the Dungeon.
             The game lasted 00:02:16 (830 turns).

Crabhammer the Chiller (Octopode Ice Elementalist)   Turns: 830, Time: 00:02:17

Health: 0/21       AC:  1    Str:  7    XL:     3   Next: 2%
Magic:  4/6        EV: 13    Int: 18    God:
Gold:   24         SH:  0    Dex: 12    Spells: 1 memorised, 5 levels left

rFire  . . .     SeeInvis .     a - +0 dagger
rCold  . . .     Gourm    .     (no shield)
rNeg   . . .     Faith    .     (helmet restricted)
rPois  .         Spirit   .     (no amulet)
rElec  .         Dismiss  .     (no ring)
rCorr  .         Reflect  .     (no ring)
MR     .....     Harm     .     (no ring)
Stlth  +++.......               (no ring)
                                (no ring)
                                (no ring)
                                (no ring)
                                (no ring)

@: no status effects
A: almost no armour, stealthy swim, amphibious, 8 rings, constrict 8, camouflage
1, gelatinous body 1
a: no special abilities


You were on level 1 of the Dungeon.
You were not hungry.

You visited 1 branch of the dungeon, and saw 1 of its levels.

You collected 24 gold pieces.

Inventory:

Hand Weapons
 a - a +0 dagger (weapon)
Scrolls
 i - a scroll of remove curse {unknown}
 j - a scroll of amnesia {unknown}
 k - a scroll of identify {unknown}
Potions
 e - a potion of agility {unknown}
 f - a potion of haste {unknown}
 g - a potion of brilliance {unknown}
Books
 c - a book of Frost

   Spells                             Type                      Level
   a - Freeze                         Ice                          1
   b - Throw Frost                    Conjuration/Ice              2
   c - Ozocubu's Armour               Charms/Ice                   3
   d - Throw Icicle                   Conjuration/Ice              4
   e - Summon Ice Beast               Ice/Summoning                4
Comestibles
 b - a bread ration
 d - a slice of pizza


   Skills:
 + Level 0.6 Short Blades
 - Level 2.0 Dodging
 + Level 3.2 Stealth
 + Level 2.1 Spellcasting
   Level 1.0 Conjurations
 + Level 3.6 Ice Magic


You had 5 spell levels left.
You knew the following spells:

 Your Spells              Type           Power        Failure   Level  Hunger
a - Freeze                Ice            ##..         4%          1    #......


Dungeon Overview and Level Annotations

Branches:
Dungeon (1/15)

Altars:
The Shining One


Innate Abilities, Weirdness & Mutations

You cannot wear most types of armour.
You are very stealthy in the water. (Stealth+)
You are amphibious.
You can wear up to eight rings at the same time.
You can use your tentacles to constrict eight enemies at once.
Your skin changes colour to match your surroundings (Stealth+).
Your rubbery body absorbs attacks. (AC +1, EV +1)


Message History

The leopard gecko is heavily wounded.
The leopard gecko bites you. The jackal bites you.
You barely miss the leopard gecko. Your grab misses the leopard gecko.
The leopard gecko is heavily wounded.
The jackal closely misses you. The leopard gecko bites you.
* * * LOW HITPOINT WARNING * * *
The leopard gecko closely misses you. The jackal barely misses you.
You hit the leopard gecko but do no damage.
You grab the leopard gecko.
The leopard gecko is heavily wounded.
You constrict the leopard gecko, but do no damage.
The rat bites you.
* * * LOW HITPOINT WARNING * * *
The jackal barely misses you. The leopard gecko closely misses you.
You hit the leopard gecko.
The leopard gecko is severely wounded.
You constrict the leopard gecko. The jackal bites you.
* * * LOW HITPOINT WARNING * * *
The rat barely misses you. The leopard gecko bites you.
You die...

...............#.....
.......[.............
#####...>.#.###......
#.....###..........
#####..#####.......
##.####........
######### #...##......#.
#.......# ###.....######
#......@#####....## #
#.....rlhh......### #
#.......##.#......#### #
#........(.............#
#.......##lr#..##..##...
#.......##..#).##.......
#.......##........####..
########....#..........#
#...†............


You could see a leopard gecko, 2 jackals and a rat.

Vanquished Creatures
  An ooze (D:1)
  A dart slug (D:1)
  A leopard gecko (D:1)
  3 bats (D:1)
  2 giant cockroaches (D:1)
  2 goblins (D:1)
  2 hobgoblins (D:1)
  A kobold (D:1)
  A ball python (D:1)
  2 rats (D:1)
16 creatures vanquished.

Notes
Turn   | Place    | Note
-------+----------+-------------------------------------------
     0 | D:1      | Crabhammer the Octopode Ice Elementalist began the quest for the Orb.
     0 | D:1      | Reached XP level 1. HP: 11/11 MP: 3/3
   395 | D:1      | Found a glowing golden altar of the Shining One.
   423 | D:1      | Reached XP level 2. HP: 14/17 MP: 5/5
   816 | D:1      | Reached XP level 3. HP: 19/21 MP: 4/6
   830 | D:1      | Slain by a leopard gecko

Vault maps used:
D:1:      lightli_arrival_flooded_house, tso_altar

Skill      XL: |  1  2 |
---------------+-------+-----
Stealth        | 3 |  3.2
Short Blades   | |  0.6
Dodging        | |  2.0
Spellcasting   | |  2.1
Conjurations   | |  1.0
Ice Magic      | |  3.6

Action                   || total
-------------------------++-------
Melee: Dagger            ||    42
       Constrict         ||    10
       Tentacles         ||     4
 Cast: Freeze            ||     7
 Stab: Sleeping          ||     3
       Distracted        ||     1
Armor: Skin              ||     7
Dodge: Dodged            ||    40
